 Dungeon Crawl Stone Soup version 0.31.0-1-g2c135a0 (webtiles) character file.

Game seed: 13859724583087329532

12686 smazza the Mimic (level 11, -9/126 HPs)
             Began as a Merfolk Shapeshifter on Mar 17, 2024.
             Was an Elder of Makhleb.
             Mangled by a komodo dragon (10 damage)
             ... on level 10 of the Dungeon on Mar 20, 2024.
             The game lasted 01:00:09 (10988 turns).

smazza the Mimic (Merfolk Shapeshifter)            Turns: 10988, Time: 01:00:11

Health: -9/126     AC:  3    Str: 16    XL:     11   Next: 97%
Magic:  14/14      EV: 17    Int:  9    God:    Makhleb [****..]
Gold:   650        SH:  0    Dex: 17    Spells: 12/14 levels left

rFire   . .          .
                       - Unarmed
rCold   . . .        (no shield)
rNeg    . . .        k - melded +0 leather armour of the Heron {rC+ Regen+}
rPois   +            (no helmet)
rElec   .            j - +2 cloak
rCorr   .            (no gloves)
SInv    .            (no boots)
Will    +....        (no amulet)
Stlth   x              - ring of poison resistance
HPRegen 0.41/turn    s - ring of willpower
MPRegen 0.14/turn

%: no passive effects
@: berserking, maw-form, very quick
A: devouring maw, (nimble swimmer 2), mertail
a: Begin Untransformation, Renounce Religion, Minor Destruction, Lesser Servant
of Makhleb, Major Destruction


You were on level 10 of the Dungeon.
You worshipped Makhleb.
Makhleb was greatly pleased with you.
You were a creature with a mouth for a stomach.
You visited 3 branches of the dungeon, and saw 14 of its levels.
You also visited: Sewer.

You collected 650 gold pieces.

Inventory:

Hand Weapons
 e - a +0 scythe
 n - a +3 dagger of freezing
 F - a +0 dagger of distortion
Armour
 a - a +0 animal skin
 b - a +0 buckler
 f - a +0 robe
 j - a +2 cloak (worn)
 k - the +0 leather armour of the Heron (melded) {rC+ Regen+}
   (You found it on level 2 of the Dungeon)

   rC+:       It protects you from cold.
   Regen+:    It increases your rate of health regeneration.
 A - a scarf of repulsion
 B - a +2 helmet
 H - a +0 pair of gloves
Jewellery
 s - a ring of willpower (right hand)
 x - a ring of poison resistance (left hand)
 y - a ring of flight
 K - a ring of magical power
 L - a ring of resist corrosion
 N - a ring of wizardry
Talismans
 c - a beast talisman
 d - a flux talisman
 M - a maw talisman (active)
Wands
 p - a wand of paralysis (8)
Scrolls
 g - a scroll of teleportation
 h - a scroll of acquirement
 i - 2 scrolls of fear
 l - 2 scrolls of enchant weapon
 o - 2 scrolls of immolation
 w - a scroll of blinking
 z - 8 scrolls of identify
 C - 2 scrolls of vulnerability
 E - a scroll of amnesia
 I - a scroll of enchant armour
 J - a scroll of fog
Potions
 m - 2 potions of haste
 q - 3 potions of attraction
 r - 2 potions of ambrosia
 t - a potion of invisibility
 v - 2 potions of curing
 G - a potion of lignification
Miscellaneous
 u - a phantom mirror


   Skills:
 + Level 7.6 Fighting
 + Level 9.3 Dodging
 + Level 4.5 Stealth
 * Level 12.2 Unarmed Combat
 - Level 2.0 Spellcasting
 + Level 2.2 Translocations
 + Level 4.2 Invocations
 * Level 12.5 Shapeshifting


You had 12 spell levels left.
You knew the following spells:

 Your Spells              Type           Power      Damage    Failure   Level
a - Blink                 Tloc           8%         N/A       21%         2

Your spell library contained the following spells:

 Spells                   Type           Power      Damage    Failure   Level
 Apportation              Tloc           8%         N/A       14%         1
 Lesser Beckoning         Tloc           8%         N/A       21%         2
 Necrotise                Necr           0%         1d4       32%         1
 Shock                    Conj/Air       0%         1d3       32%         1
 Sting                    Conj/Alch      0%         1d3       32%         1
 Summon Small Mammal      Summ           0%         N/A       32%         1
 Momentum Strike          Conj/Tloc      4%         3d8       32%         2
 Call Imp                 Summ           0%         N/A       45%         2
 Cigotuvi's Dreadful Rot  Necr/Alch/Air  0%         N/A       45%         2
 Sublimation of Blood     Necr           0%         N/A       45%         2
 Call Canine Familiar     Summ           0%         N/A       69%         3
 Swiftness                Air            0%         N/A       69%         3
 Airstrike                Air            0%         2d(0-16)  97%         4
 Animate Armour           Summ/Erth      0%         N/A       97%         4
 Dispel Undead            Necr           0%         3d6       97%         4
 Martyr's Knell           Necr/Summ      0%         N/A       97%         4
 Summon Blazeheart Golem  Fire/Summ      0%         N/A       97%         4
 Summon Lightning Spire   Summ/Air       0%         N/A       97%         4
 Summon Forest            Summ/Tloc      1%         N/A       99%         5
 Lee's Rapid Deconstruct  Erth           0%         3d4*      100%        5
 Summon Mana Viper        Hex/Summ       0%         N/A       100%        5
 Death Channel            Necr           0%         N/A       100%        6
 Summon Cactus Giant      Summ           0%         N/A       100%        6
 Summon Hydra             Summ           0%         N/A       100%        7


Dungeon Overview and Level Annotations

Branches:
Dungeon (10/15)            Temple (1/1) D:5            Lair (3/5) D:8
  Swamp (0/4) Lair:3       Spider (0/4) Lair:2          Orc (0/2) D:9
  Sewer (visited)

Altars:
Ashenzari
Cheibriados
Dithmenos
Elyvilon
Fedhas
Gozag
Hepliaklqana
Kikubaaqudgha
Makhleb
Nemelex Xobeh
Okawaru
Qazlal
Ru
Sif Muna
Trog
Uskayaw
Vehumet
Wu Jian
Xom
Yredelemnul
Zin
The Shining One

Shops:
D:6 *(   D:10 (

Annotations:
D:7 2 transporters
Lair:1 Erica
Lair:3 Rupert


Innate Abilities, Weirdness & Mutations

You are a creature with a mouth for a stomach.
Your midsection houses a second, enormous mouth.
((You are very nimble when in or above water. (Stealth+, EV+, Speed+++)))
Your lower body shifts to a powerful aquatic tail in water.


Message History

The komodo dragon is lightly wounded.
You hit the komodo dragon but do no damage.
You bite the komodo dragon, but do no damage.
The komodo dragon is lightly wounded.
The komodo dragon misses you.
You hit the komodo dragon but do no damage.
You bite the komodo dragon.
The komodo dragon is lightly wounded.
The komodo dragon bites you!
You hit the komodo dragon.
You punch the komodo dragon, but do no damage.
Your bite misses the komodo dragon.
The komodo dragon is moderately wounded.
The komodo dragon closely misses you.
You closely miss the komodo dragon.
The komodo dragon is moderately wounded.
The komodo dragon bites you!!
You hit the komodo dragon but do no damage.
You bite the komodo dragon.
The komodo dragon is moderately wounded.
The sentinel's mark upon you fades away.
You punch the komodo dragon! Your bite misses the komodo dragon.
The komodo dragon is severely wounded.
The komodo dragon bites you!
You closely miss the komodo dragon.
The komodo dragon is severely wounded.
The komodo dragon bites you!!
* * * LOW HITPOINT WARNING * * *
You hear a bellow!
A red film seems to cover your vision as you go berserk!
You feel yourself moving faster!
You feel mighty! The komodo dragon bites you!!
* * * LOW HITPOINT WARNING * * *
You hear a bellow!
You completely miss the komodo dragon. You bite the komodo dragon!
The komodo dragon is almost dead.
The vampire casts a spell.
The vampire flickers and vanishes!
Deactivating autopickup; reactivate with Ctrl-A.
The komodo dragon bites you!
You die...

........##...#∩+
........##.#.##
#.#......# #
#.#..##..#
#.#....##..#
#..<#.###.T#
......#.#.# #..#
.####.#.#.###{.#
.......WlT.#
##.#.#.####.#
###.# ... ..
...# .#.# ####


You could see a komodo dragon and a troll.

Vanquished Creatures
  A two-headed ogre (D:9)
  An elephant (Lair:2)
  A black mamba (Lair:1)
  2 cane toads
  A rime drake (Lair:1)
  A kobold demonologist (D:10)
  4 komodo dragons
  Psyche (D:9)
  A polar bear (Lair:2)
  Sigmund (D:4)
  17 yaks
  A wyvern (Lair:2)
  2 basilisks
  2 vampire mosquitoes (D:10)
  9 water moccasins
  2 black bears
  3 sky beasts
  2 orc warriors
  An ice beast (D:5)
  An ogre (D:3)
  9 wolves (Lair:1)
  2 centaurs
  2 kobold brigands
  13 bullfrogs
  9 scorpions
  7 wights
  3 killer bees (D:9)
  A bombardier beetle (D:6)
  5 electric eels (Lair:1)
  A howler monkey (D:8)
  3 jellies
  A gnoll bouda (D:7)
  3 orc priests
  A hound (D:5)
  4 orc wizards
  3 iguanas
  2 river rats (D:5)
  12 adders
  4 gnolls (D:7)
  A shadow imp (D:6)
  A white imp (D:5)
  2 ufetubi (D:6)
  11 dart slugs
  7 ribbon worms
  26 orcs
  12 ball pythons
  2 bats
  6 endoplasms
  12 giant cockroaches
  4 goblins
  6 hobgoblins
  3 jackals (D:4)
  27 kobolds
  3 quokkas
  14 frilled lizards
  3 rats (D:3)
279 creatures vanquished.

Notes
Turn   | Place    | Note
-------+----------+-------------------------------------------
     0 | D:1      | smazza the Merfolk Shapeshifter began the quest for the
                  | Orb.
     0 | D:1      | Reached XP level 1. HP: 15/15 MP: 1/1
   214 | D:1      | Reached XP level 2. HP: 16/21 MP: 2/2
   573 | D:2      | Reached XP level 3. HP: 25/26 MP: 3/3
   991 | D:2      | Identified the +0 leather armour of the Heron {rC+ Regen+}
  1644 | D:3      | Noticed an ogre
  1693 | D:3      | Reached XP level 4. HP: 25/32 MP: 4/4
  1806 | D:3      | Found a broken altar of Ashenzari.
  1830 | D:3      | Killed an ogre
  1831 | D:3      | Reached skill level 1 in Stealth
  1831 | D:3      | Reached skill level 5 in Unarmed Combat
  1831 | D:3      | Reached skill level 5 in Shapeshifting
  1831 | D:3      | Reached XP level 5. HP: 32/37 MP: 5/5
  2236 | D:3      | Reached XP level 6. HP: 22/43 MP: 6/6
  2641 | D:4      | Found a blossoming altar of Fedhas.
  2733 | D:4      | Noticed Sigmund
  2849 | D:4      | Found an ancient bone altar of Kikubaaqudgha.
  3621 | D:5      | Entered Level 5 of the Dungeon
  3621 | D:5      | Noticed an ice beast
  3675 | D:5      | Reached XP level 7. HP: 21/50 MP: 7/7
  3703 | D:5      | Found a glowing drain.
  3721 | Sewer    | Entered a sewer
  4067 | D:5      | Found a staircase to the Ecumenical Temple.
  4073 | Temple   | Entered the Ecumenical Temple
  4101 | Temple   | Became a worshipper of Makhleb the Destroyer
  4151 | D:5      | Identified a scroll of acquirement
  4475 | D:5      | Reached XP level 8. HP: 27/58 MP: 8/8
  4544 | D:4      | Killed Sigmund
  4961 | D:6      | Found Dyuni's Hydra Hut.
  4965 | D:6      | Noticed an eight-headed hydra
  5196 | D:6      | Found a shimmering altar of Xom.
  5270 | D:6      | Found Gozag's Platinum Reserve.
  5276 | D:6      | Found an opulent altar of Gozag.
  5446 | D:6      | Reached * piety under Makhleb
  5550 | D:6      | Reached skill level 5 in Dodging
  6057 | D:7      | You fall into a shaft and drop 1 floor!
  6150 | D:7      | Reached XP level 9. HP: 57/65 MP: 9/9
  6563 | D:7      | Found a shimmering blue altar of Sif Muna.
  6671 | D:7      | Found a transporter.
  6680 | D:7      | Found a transporter.
  6717 | D:8      | Found a snail-covered altar of Cheibriados.
  6717 | D:8      | Found a basalt altar of Yredelemnul.
  6781 | D:8      | Reached ** piety under Makhleb
  6827 | D:7      | Reached skill level 1 in Invocations
  6849 | D:8      | Reached skill level 5 in Fighting
  7044 | D:8      | Found a staircase to the Lair.
  7056 | D:8      | Reached skill level 10 in Unarmed Combat
  7062 | D:8      | Reached XP level 10. HP: 50/74 MP: 11/11
  7067 | D:8      | Reached skill level 10 in Shapeshifting
  7630 | D:9      | Noticed Psyche
  7694 | Lair:1   | Entered Level 1 of the Lair of Beasts
  7696 | Lair:1   | Noticed a black mamba
  7708 | Lair:1   | Killed a black mamba
  8125 | Lair:1   | Reached XP level 11. HP: 83/83 MP: 14/14
  8136 | Lair:1   | Noticed Erica
  8207 | Lair:1   | Noticed a catoblepas
  8329 | Lair:1   | Learned a level 2 spell: Blink
  8346 | Lair:1   | Reached *** piety under Makhleb
  8601 | Lair:1   | Reached skill level 1 in Spellcasting
  8943 | Lair:1   | Reached skill level 1 in Translocations
  9067 | Lair:2   | Found a hole to the Spider Nest.
  9411 | Lair:2   | Noticed a boulder beetle
  9503 | Lair:2   | You fall into a shaft and drop 1 floor!
  9571 | Lair:3   | Noticed Rupert
  9598 | Lair:3   | Found a staircase to the Swamp.
  9761 | Lair:2   | Noticed a death yak
  9761 | Lair:2   | Noticed a death yak
  9763 | Lair:2   | Noticed a death yak
  9951 | D:9      | Killed Psyche
 10005 | D:9      | Noticed a two-headed ogre
 10020 | D:9      | Killed a two-headed ogre
 10280 | D:9      | Reached **** piety under Makhleb
 10444 | D:9      | Found a staircase to the Orcish Mines.
 10946 | D:10     | Entered Level 10 of the Dungeon
 10952 | D:10     | Found Podo's Weapon Shop.
 10987 | D:10     | HP: 1/126 [komodo dragon (24)]
 10988 | D:10     | Mangled by a komodo dragon

Illustrated notes

Levels and vault maps discovered:
D:1:      minmay_arrival_four_circles, layout_basic
D:2:      layout_basic
D:3:      layout_loops_ring, ashenzari_altar_1
D:4:      layout_basic, fedhas_altar_1, kennysheep_mini_moat, uniq_sigmund
D:5:      layout_loops_cross, temple_hall, gup_sewer_entry_bowl
D:6:      kennysheep_kobold_camp, layout_loops_corners,
          nicolae_gozag_zags_fifth_avenue, mainiacjoe_overflow_catwalk,
          doesnt_shop_hydraphobe
D:7:      gammafunk_beogh_shrine, layout_basic, led_sif_pool
D:8:      layout_basic, mainiacjoe_overflow_large_starburst,
          due_lair_maze_entry_diamond
D:9:      layout_gridville, david_orc_2, uniq_psyche
D:10:     layout_basic, serial_shops, nicolae_shop_window_shopping
Temple:   jpeg_temple_clearing
Lair:1:   layout_cave_shapes, serial_bayou, serial_bayou_lake_a,
          serial_bayou_ford_a, serial_bayou_pond_c, serial_bayou_lagoon_b,
          uniq_erica
Lair:2:   layout_cave_pods, nicolae_spider_entry_non_spiders, grunt_megastairs_5
Lair:3:   layout_chaotic_city, swamp_mist, nicolae_quartered_pool_super,
          uniq_rupert

Skill      XL: |  1  2  3  4  5  6  7  8  9 10 11 |
---------------+----------------------------------+-----
Unarmed Combat | 4 5 6 7 8 10 11 12 | 12.2
Stealth        | 1 2 4 |  4.5
Shapeshifting  | 5 6 8 9 11 12 | 12.5
Fighting       | 2 3 4 5 6 7 |  7.6
Dodging        | 3 4 5 6 8 9 |  9.3
Invocations    | 2 4 |  4.2
Spellcasting   | 2 |  2.0
Translocations | 2 |  2.2

Action                     |  1- 3 |  4- 6 |  7- 9 | 10-12 || total
---------------------------+-------+-------+-------+-------++-------
  Melee: Unarmed           |    82 |   121 |   357 |   432 ||   992
         Punch             |     2 |     6 |    16 |    31 ||    55
         Tailslap          |       |       |     4 |     5 ||     9
         Maw               |       |       |       |     9 ||     9
  Throw: Boomerang         |       |     1 |     3 |       ||     4
         Throwing net      |       |       |     1 |       ||     1
 Invoke: Minor Destruction |       |       |       |     1 ||     1
         Lesser Servant of |       |       |       |     1 ||     1
Ability: Begin Untransform |     1 |       |       |       ||     1
  Evoke: Wand              |       |       |       |     1 ||     1
    Use: Potion            |       |     1 |       |     8 ||     9
         Scroll            |       |       |    18 |     5 ||    23
   Stab: Sleeping          |     4 |     1 |     6 |     4 ||    15
         Distracted        |       |       |       |     3 ||     3
         Invisible         |       |       |       |     3 ||     3
 Armour: Animal skin       |    33 |    23 |       |       ||    56
         Skin              |       |     5 |       |    27 ||    32
         Leather armour    |       |    20 |   177 |   183 ||   380
  Dodge: Dodged            |    43 |    65 |   190 |   256 ||   554
   Form: Beast             |     1 |       |     1 |       ||     2
         Flux              |       |       |     1 |     1 ||     2
         Maw               |       |       |       |     1 ||     1
